 Dungeon Crawl Stone Soup version 0.25-a0-10-g2fe12d4386 (webtiles) character file.

Game seed: 12928719188069057642, levelgen mode: deterministic

49 Chiseanne the Magician (level 3, -1/24 HPs)
             Began as a Demonspawn Wizard on Oct 15, 2019.
             Was an Initiate of Vehumet.
             Succumbed to Crazy Yiuf's poison
             ... on level 2 of the Dungeon.
             The game lasted 00:03:36 (2054 turns).

Chiseanne the Magician (Demonspawn Wizard)          Turns: 2054, Time: 00:03:37

Health: -1/24      AC:  9    Str:  7    XL:     3   Next: 51%
Magic:  3/8        EV: 12    Int: 20    God:    Vehumet [......]
Gold:   103        SH:  0    Dex: 11    Spells: 0/9 levels left

rFire    . . .     SeeInvis .   a - +0 club {** Badass Ugly Stick **}
rCold    . . .     Gourm    .   (no shield)
rNeg     . . .     Faith    .   e - +0 robe
rPois    .         Spirit   .   b - +0 hat
rElec    .         Reflect  .   (no cloak)
rCorr    .         Harm     .   l - +0 pair of gloves
MR       .....                  (no boots)
Stlth    ++........             (no amulet)
HPRegen  0.08/turn              (no ring)
MPRegen  0.11/turn              (no ring)

@: lethally poisoned (-1 -> -18), sanguine armour, lightly drained
A: sanguine armour 1
a: Renounce Religion


You were on level 2 of the Dungeon.
You worshipped Vehumet.
Vehumet was noncommittal.
You were not hungry.

You visited 1 branch of the dungeon, and saw 2 of its levels.

You collected 103 gold pieces.

Inventory:

Hand Weapons
 a - a +0 club (weapon) {** Badass Ugly Stick **}
Missiles
 h - 51 arrows
 i - 29 sling bullets
 k - 34 stones (quivered)
Armour
 b - a +0 hat (worn)
 e - a +0 robe (worn)
 l - a +0 pair of gloves (worn)
Jewellery
 c - a cursed ring of flight
Scrolls
 m - a scroll of teleportation {unknown}
Potions
 f - a potion of cancellation {unknown}
 g - a potion of might {unknown}
 j - a potion of agility {unknown}
Comestibles
 d - 4 rations
 n - a chunk of flesh


   Skills:
 - Level 1.7(1.5) Dodging
 - Level 1.7(1.5) Stealth
 * Level 3.7(3.5) Spellcasting
 * Level 2.5(2.2) Conjurations
   Level 1.0(0.7) Summonings
 - Level 0.8(0.6) Translocations


You couldn't memorise any spells.
You knew the following spells:

 Your Spells              Type           Power        Failure   Level  Hunger
a - Magic Dart            Conj           ##..         5%          1    None
b - Blink                 Tloc           N/A          16%         2    ##.....
c - Conjure Flame         Conj/Fire      #.......     26%         3    ###....
d - Mephitic Cloud        Conj/Pois/Air  #.......     30%         3    ###....

Your spell library contained the following spells:

 Spells                   Type           Power        Failure   Level  Hunger
 Call Imp                 Summ           #.......     16%         2    ##.....
 Slow                     Hex            #.......     21%         2    ##.....


Dungeon Overview and Level Annotations

Branches:
Dungeon (2/15)

Altars:
Vehumet

Annotations:
D:2 Crazy Yiuf


Innate Abilities, Weirdness & Mutations

When seriously injured, your bleeding wounds create armour. (AC +6)


Message History

You feel drained.
You hit Crazy Yiuf but do no damage.
Crazy Yiuf is moderately wounded.
Crazy Yiuf says, "Have you seen my cloak?"
Crazy Yiuf completely misses you.
You hit Crazy Yiuf but do no damage.
Crazy Yiuf is moderately wounded.
You barely miss Crazy Yiuf.
Crazy Yiuf is moderately wounded.
Crazy Yiuf scratches his head thoughtfully.
Crazy Yiuf hits you with a +4 quarterstaff of chaos.
You are poisoned.
Crazy Yiuf hits you with a +4 quarterstaff of chaos.
Your blood congeals into armour.
You are electrocuted!
Ouch! That really hurt!
* * * LOW HITPOINT WARNING * * *
Casting: Mephitic Cloud (safe; 30% risk of failure)
Confirm with . or Enter, or press ? or * to list all spells.
You blink.
You die...

..)..........# #.# .............#
#..# .##.#........# .
....#........# ##. ###♣♣♣♣♣
>####........# #..##....♣.♣♣♣ ##
.####........#.#.##......♣.g♣#...
.............#.#.#..§g..♣♣♣♣.'...
.#############)........♣♣ ♣♣#..)
.# #########@#####♣♣ ##
.#######...)...#.#
......##.#####.#.#
##.##.##.#####.#.#
#...............#
####.##.#####.###
......##.#####.# ########.......#
#########


You could see Crazy Yiuf (confused).

Vanquished Creatures
  An adder (D:2)
  An ooze (D:2)
  A dart slug (D:2)
  A ball python (D:1)
  6 bats (D:1)
  A giant cockroach (D:2)
  5 goblins
  4 hobgoblins
  4 kobolds
  2 quokkas (D:2)
  3 rats (D:1)
29 creatures vanquished.

Notes
Turn   | Place    | Note
-------+----------+-------------------------------------------
     0 | D:1      | Chiseanne the Demonspawn Wizard began the quest for the
                  | Orb.
     0 | D:1      | Reached XP level 1. HP: 13/13 MP: 4/4
   375 | D:1      | Gained mutation: When seriously injured, your bleeding
                  | wounds create armour. (AC +6) [demonic ancestry]
   375 | D:1      | Reached XP level 2. HP: 19/19 MP: 1/6
  1331 | D:2      | Found a radiant altar of Vehumet.
  1339 | D:2      | Became a worshipper of Vehumet
  1414 | D:2      | Reached XP level 3. HP: 14/24 MP: 1/8
  2020 | D:2      | Found a runed translucent door.
  2028 | D:2      | Learned a level 2 spell: Blink
  2032 | D:2      | Learned a level 3 spell: Conjure Flame
  2036 | D:2      | Learned a level 3 spell: Mephitic Cloud
  2036 | D:2      | Noticed Crazy Yiuf
  2053 | D:2      | HP: 1/24 [Crazy Yiuf/+4 quarterstaff of chaos (15)]
  2054 | D:2      | Succumbed to Crazy Yiuf's poison

Levels and vault maps discovered:
D:1:      minmay_arrival_stone_box, layout_loops_ring, minmay_misc_feat_five,
          wad_floor_pattern_2
D:2:      layout_loops_cross, nicolae_overflow_crystal_walls, first_ration,
          uniq_crazy_yiuf_cottage

Skill      XL: |  1  2 |
---------------+-------+-----
Conjurations   | 2 |  2.5
Dodging        | |  1.7
Stealth        | |  1.7
Spellcasting   | |  3.7
Summonings     | |  1.0
Translocations | |  0.8

Action                   || total
-------------------------++-------
Melee: Unarmed           ||     5
       Club              ||    28
 Cast: Magic Dart        ||    83
       Mephitic Cloud    ||     1
       Blink             ||     1
  Use: Scroll            ||     3
 Stab: Sleeping          ||     1
  Eat: Chunk             ||     3
Armor: Robe              ||     7
Dodge: Dodged            ||    26

Table legend:
 A = Non-vault XP
 B = Vault XP
 C = Vault XP percentage of total XP
 D = Non-vault monster count
 E = Vault monster count
 F = Vault count percentage of total count
                 A         B        C        D         E       F
            +---------+---------+-------+---------+---------+-------
      Total |      70 |       0 |   0.0 |      29 |       0 |   0.0
            +---------+---------+-------+---------+---------+-------
        D:1 |      27 |       0 |   0.0 |      16 |       0 |   0.0
        D:2 |      43 |       0 |   0.0 |      13 |       0 |   0.0
            +---------+---------+-------+---------+---------+-------
